 Dungeon Crawl Stone Soup version 0.30-a0-462-gd5975efbca (webtiles) character file.

Game seed: 10364711282334510738

1025 Mitcholas the Cleaver (level 8, 0/68 HPs)
             Began as a Hill Orc Monk on Dec 16, 2022.
             Was a Believer of Beogh.
             Slain by a sixfirhy (9 damage)
             ... on level 1 of the Abyss.
             The game lasted 00:11:53 (5122 turns).

Mitcholas the Cleaver (Hill Orc Monk)               Turns: 5122, Time: 00:11:53

Health: 0/68       AC: 20    Str: 16    XL:     8   Next: 23%
Magic:  8/8        EV:  5    Int: 14    God:    Beogh [**....]
Gold:   408        SH:  0    Dex: 19    Spells: 7/7 levels left

rFire   . . .      SeeInvis +    F - +5 hand axe "Ufetog" {vorpal, Int+4}
rCold   . . .      Faith    .    (no shield)
rNeg    . . .      Spirit   .    y - +0 plate armour
rPois   .          Reflect  .    b - +0 helmet
rElec   .          Harm     .    A - +2 cloak
rCorr   .          Rampage  .    s - +2 pair of gloves
Will    .....                    t - +1 pair of boots
Stlth   ..........               (no amulet)
HPRegen 0.31/turn                m - ring of see invisible
MPRegen 0.11/turn                d - +6 ring of dexterity

@: no status effects
A: no striking features
a: Renounce Religion, Smiting


You were on level 1 of the Abyss.
You worshipped Beogh.
Beogh was pleased with you.
You visited 2 branches of the dungeon, and saw 9 of its levels.
You visited the Abyss 1 time.

You collected 408 gold pieces.

Inventory:

Hand Weapons
 F - the +5 hand axe "Ufetog" (weapon) {vorpal, Int+4}
   (You found it on level 7 of the Dungeon)

   It inflicts extra damage upon your enemies.
   Int:       It affects your intelligence (+4).
Missiles
 g - 7 poisoned darts
 w - 2 datura-tipped darts
 z - 5 atropa-tipped darts (quivered)
Armour
 b - a +0 helmet (worn)
 s - a +2 pair of gloves (worn)
 t - a +1 pair of boots (worn)
 y - a +0 plate armour (worn)
 A - a +2 cloak (worn)
Jewellery
 d - a +6 ring of dexterity (right hand)
 m - a ring of see invisible (left hand)
Wands
 x - a wand of flame (46)
 C - a wand of paralysis (9)
Scrolls
 e - a scroll of vulnerability {unknown}
 f - a scroll of butterflies {unknown}
 i - a scroll of noise {unknown}
 k - 6 scrolls of identify {unknown}
 l - 3 scrolls of enchant armour {unknown}
 n - 2 scrolls of poison {unknown}
 p - 3 scrolls of teleportation
 q - 2 scrolls of blinking {unknown}
 D - 2 scrolls of immolation {unknown}
 G - a scroll of magic mapping {unknown}
Potions
 a - a potion of cancellation {unknown}
 c - a potion of ambrosia
 h - 3 potions of invisibility {unknown}
 j - a potion of might {unknown}
 o - a potion of magic {unknown}
 r - a potion of lignification {unknown}
 u - 2 potions of curing {unknown}
 v - a potion of mutation {unknown}
 B - a potion of brilliance {unknown}
 E - a potion of degeneration {unknown}


   Skills:
 - Level 5.0 Fighting
 * Level 11.6 Axes
 - Level 2.8 Armour
 - Level 2.4 Dodging
 - Level 1.5 Stealth


You had 7 spell levels left.
You didn't know any spells.
Your spell library contained the following spells:

 Spells                   Type           Power      Damage    Failure   Level
 Blink                    Tloc           0%         N/A       100%        2
 Momentum Strike          Conj/Tloc      0%         3d8       100%        2
 Lesser Beckoning         Tloc           0%         N/A       100%        3


Dungeon Overview and Level Annotations

Branches:
Dungeon (8/15)             Temple (1/1) D:4
   Lair: D:8-11

Altars:
Ashenzari
Cheibriados
Dithmenos
Fedhas
Gozag
Hepliaklqana
Kikubaaqudgha
Makhleb
Nemelex Xobeh
Okawaru
Qazlal
Ru
Sif Muna
Trog
Uskayaw
Vehumet
Wu Jian
Xom
Yredelemnul
Zin
The Shining One

Shops:
D:3 !   D:5 [!

Annotations:
D:3 Sigmund, Terence


Message History

The ufetubus attacks as you move away! The ufetubus hits you.
The ufetubus hits you but does no damage.
The ufetubus hits you but does no damage. x2
The ufetubus attacks as you move away!
The ufetubus hits you but does no damage. x2
The ufetubus hits you.
The ufetubus hits you but does no damage.
The ufetubus attacks as you move away!
The ufetubus hits you but does no damage.
The ufetubus hits you. The ufetubus attacks as you move away!
The ufetubus barely misses you. x2
The ufetubus attacks as you move away!
The ufetubus hits you but does no damage. x2
The ufetubus attacks as you move away!
The ufetubus hits you but does no damage. x2
The ufetubus hits you but does no damage. x2
The ufetubus attacks as you move away!
The ufetubus hits you but does no damage. x2
The ufetubus closely misses you. The ufetubus barely misses you.
The ufetubus attacks as you move away!
The ufetubus hits you but does no damage. x2
You are suddenly pulled into a different region of the Abyss!
The white imp shouts, "Back with thee, thou clouted roguish beggar!"
You are suddenly pulled into a different region of the Abyss!
A large abomination comes into view.
Found a corrupted altar of Lugonu.
An ufetubus comes into view.
A sixfirhy comes into view.
The sixfirhy hits you. The sixfirhy shocks you!
The sixfirhy completely misses you. The sixfirhy hits you.
The sixfirhy shocks you! The sixfirhy attacks as you move away!
The sixfirhy hits you. The sixfirhy shocks you!
The sixfirhy hits you but does no damage.
The sixfirhy hits you. The sixfirhy shocks you!
* * * LOW HITPOINT WARNING * * *
The sixfirhy hits you.
* * * LOW HITPOINT WARNING * * *
The sixfirhy shocks you!
You die...

. ##..#. ... . ### .#.
##.##### #..###.5....#
## #...#..###.## ##
.#..##._##..##.3##..##..
.. ... 5........@.......
........................
.... #..##..##..##..##..
.# #..##.. #..# ..#
....... ..... ...
................ ....
....##. ##..##..# ##..
... #.. ..##.. .. .. ...
..


You could see a sixfirhy.

Vanquished Creatures
  A steam dragon (D:6)
  2 ice beasts
  2 ogres (D:5)
  2 centaurs (D:5)
  A necrophage (D:5)
  2 scorpions
  2 hounds (D:5)
  An iguana (D:4)
  Natasha (D:3)
  3 adders
  5 worms
  A dart slug (D:2)
  2 orcs
  5 ball pythons
  6 bats
  8 endoplasms
  5 giant cockroaches
  3 hobgoblins
  10 jackals
  2 quokkas
  A frilled lizard (D:3)
  2 goblins (D:2)
  A kobold (D:4)
  2 rats (D:2)
70 creatures vanquished.

Vanquished Creatures (others)
  An orc (D:6)
1 creature vanquished.

Grand Total: 71 creatures vanquished

Notes
Turn   | Place    | Note
-------+----------+-------------------------------------------
     0 | D:1      | Mitcholas the Hill Orc Monk began the quest for the Orb.
     0 | D:1      | Reached XP level 1. HP: 19/19 MP: 1/1
   167 | D:1      | Reached XP level 2. HP: 27/27 MP: 2/2
   361 | D:1      | Reached skill level 1 in Armour
   595 | D:1      | Reached XP level 3. HP: 29/33 MP: 3/3
  1123 | D:2      | Reached skill level 5 in Axes
  1665 | D:3      | Found Elec's Distillery.
  1846 | D:3      | Noticed Sigmund
  1899 | D:3      | Noticed Natasha
  1932 | D:3      | Killed Natasha
  1933 | D:3      | Reached XP level 4. HP: 8/41 MP: 4/4
  2192 | D:3      | Found a burning altar of Makhleb.
  2243 | D:4      | Found a staircase to the Ecumenical Temple.
  2263 | Temple   | Entered the Ecumenical Temple
  2876 | D:4      | Reached skill level 6 in Axes
  2876 | D:4      | Reached XP level 5. HP: 39/47 MP: 5/5
  3516 | D:3      | Noticed Terence
  3623 | D:5      | Entered Level 5 of the Dungeon
  3652 | D:5      | Reached skill level 5 in Fighting
  3652 | D:5      | Reached XP level 6. HP: 54/56 MP: 6/6
  3691 | D:5      | Reached skill level 7 in Axes
  3858 | D:5      | Reached skill level 8 in Axes
  3858 | D:5      | Reached XP level 7. HP: 50/61 MP: 7/7
  3877 | D:5      | Found an opulent altar of Gozag.
  3896 | D:5      | Found a radiant altar of Vehumet.
  3900 | D:5      | Found an ancient bone altar of Kikubaaqudgha.
  3952 | D:5      | Found Hoetuif's Antique Armour Boutique.
  4011 | D:5      | Reached skill level 9 in Axes
  4085 | D:5      | Found a stormy altar of Qazlal.
  4232 | D:5      | Reached skill level 10 in Axes
  4279 | D:5      | You fall into a shaft and drop 3 floors!
  4515 | D:7      | Identified the +5 hand axe "Ufetog" {vorpal, Int+4}
  4640 | D:6      | Became a worshipper of Beogh the Brigand
  4640 | D:6      | Reached * piety under Beogh
  4640 | D:6      | Reached ** piety under Beogh
  4666 | D:6      | Noticed a steam dragon
  4713 | D:6      | Killed a steam dragon
  4714 | D:6      | Reached skill level 11 in Axes
  4714 | D:6      | Reached XP level 8. HP: 63/68 MP: 8/8
  4726 | D:5      | Found Oghi's Distillery.
  5000 | Abyss:1  | Cast into level 1 of the Abyss (Sigmund)
  5001 | Abyss:1  | Found a corrupted altar of Lugonu.
  5029 | Abyss:1  | Noticed a ynoxinul
  5033 | Abyss:1  | Found a corrupted altar of Lugonu.
  5079 | Abyss:1  | Noticed a large abomination
  5109 | Abyss:1  | Found a corrupted altar of Lugonu.
  5111 | Abyss:1  | Found a corrupted altar of Lugonu.
  5111 | Abyss:1  | Found a corrupted altar of Lugonu.
  5114 | Abyss:1  | Noticed a sixfirhy
  5122 | Abyss:1  | Slain by a sixfirhy

Illustrated notes

Levels and vault maps discovered:
D:1:      eino_arrival_water_cross, layout_basic, minmay_indecisive_spiral
D:2:      layout_loops_cross, minmay_pentomino_z2
D:3:      layout_loops_corners, mainiacjoe_overflow_tiny_flanked, serial_shops,
          nicolae_square_shop, uniq_terence, uniq_natasha, uniq_sigmund
D:4:      layout_loops_corners, minmay_temple_entry_tees
D:5:      layout_basic, nicolae_qazlal_general_emergency,
          minmay_overflow_temple_star_quad, serial_shops,
          nicolae_shop_temple_entry_statues_fountains, nicolae_square_shop
D:6:      layout_loops_corners, mainiacjoe_overflow_alcove_2, minivault_4,
          uniq_crazy_yiuf_cottage
D:7:      layout_gridville, uniq_menkaure
D:8:      layout_layer_cave, erik_lair_orcish_takeover
Temple:   nicolae_temple_superstar
Abyss:1:  base: D:2, evilmike_abyss_exit_vortex

Skill      XL: |  1  2  3  4  5  6  7 |
---------------+----------------------+-----
Armour         | 1 2 |  2.8
Fighting       | 4 5 |  5.0
Axes           | 5 6 8 11 | 11.6
Dodging        | |  2.4
Stealth        | |  1.5

Action                   |  1- 3 |  4- 6 |  7- 9 || total
-------------------------+-------+-------+-------++-------
Melee: Hand axe          |   171 |   143 |   114 ||   428
       Punch             |     3 |     4 |     1 ||     8
Throw: Dart              |       |     4 |       ||     4
Invok: Convert to Beogh  |       |       |     1 ||     1
  Use: Scroll            |       |       |     1 ||     1
Armor: Chain mail        |   102 |     6 |       ||   108
       Robe              |     3 |       |       ||     3
       Plate armour      |       |    85 |   103 ||   188
Dodge: Dodged            |    51 |    36 |    33 ||   120

Table legend: (Time is in decaauts)
 A = Elapsed time spent in this place.
 B = Non-inter-level travel time spent in this place.
 C = Inter-level travel time spent in this place.
 D = Time resting spent in this place.
 E = Time spent auto-exploring this place.
 F = Levels seen in this place.
 G = Mean time per level.
                   A        B        C        D        E       F      G
               +--------+--------+--------+--------+--------+-----+--------+
         Total |   5113 |   4849 |    264 |    528 |   2833 |  10 |  511.3 |
       Dungeon |   4886 |   4637 |    249 |    528 |   2734 |   8 |  610.8 |
        Temple |    104 |     89 |     15 |      0 |     73 |   1 |  104.0 |
         Abyss |    121 |    121 |      0 |      0 |     26 |   1 |  121.0 |
               +--------+--------+--------+--------+--------+-----+--------+

Top non-repeatable levels by time:
     D:4: 1030 daAuts
     D:3: 991 daAuts
     D:2: 897 daAuts
     D:5: 771 daAuts
     D:1: 757 daAuts
     D:7: 316 daAuts
 Abyss:1: 121 daAuts
     D:6: 105 daAuts
  Temple: 104 daAuts
     D:8: 16 daAuts
